 Dungeon Crawl Stone Soup version 0.25-a0-734-g73332aeda9 (webtiles) character file.

Game seed: 9063521890889224779, levelgen mode: deterministic

111 15rune the Grave Robber (level 4, 0/30 HPs)
             Began as a Mummy Necromancer on Apr 11, 2020.
             Slain by a shadow imp (3 damage)
             ... on level 3 of the Dungeon.
             The game lasted 00:06:08 (2689 turns).

15rune the Grave Robber (Mummy Necromancer)         Turns: 2689, Time: 00:06:09

Health: 0/30       AC:  3    Str: 11    XL:     4   Next: 62%
Magic:  8/9        EV: 11    Int: 15    God:
Gold:   163        SH:  0    Dex: 12    Spells: 5/10 levels left

rFire    x . .     SeeInvis .   f - +0 dagger
rCold    + . .     Gourm    .   (no shield)
rNeg     + + +     Faith    .   h - +0 leather armour
rPois    ∞         Spirit   .   (no helmet)
rElec    .         Reflect  .   (no cloak)
rCorr    .         Harm     .   (no gloves)
MR       .....                  (no boots)
Stlth    +.........             (no amulet)
HPRegen  0.10/turn              (no ring)
MPRegen  0.11/turn              (no ring)

@: no status effects
A: no food or potions, fire vulnerability, cold resistance 1, negative energy
resistance 3, torment resistance, unbreathing
a: no special abilities


You were on level 3 of the Dungeon.
You were not hungry.

You visited 1 branch of the dungeon, and saw 3 of its levels.

You collected 163 gold pieces.

Inventory:

Hand Weapons
 e - a +0 whip
 f - a +0 dagger (weapon)
Armour
 a - a +0 robe
 c - a +0 ring mail
 h - a +0 leather armour (worn)
Jewellery
 g - an uncursed amulet of harm {unknown}
Scrolls
 b - 2 scrolls of identify
 d - a scroll of noise {unknown}
 i - a scroll of immolation {unknown}
 j - 2 scrolls of remove curse
 k - a scroll of amnesia {unknown}
 l - a scroll of fog {unknown}


   Skills:
 - Level 1.0 Armour
 - Level 1.5 Dodging
 - Level 1.5 Stealth
 + Level 3.9 Spellcasting
 * Level 5.2 Necromancy


You had 5 spell levels left.
You knew the following spells:

 Your Spells              Type           Power        Failure   Level  Hunger
a - Pain                  Necr           ###.         2%          1    N/A
b - Vampiric Draining     Necr           ###.......   9%          3    N/A
c - Animate Skeleton      Necr           N/A          2%          1    N/A

Your spell library contained the following spells:

 Spells                   Type           Power        Failure   Level  Hunger
 Animate Dead             Necr           N/A          26%         4    N/A
 Agony                    Necr           ###.....     58%         5    N/A

Dungeon Overview and Level Annotations

Branches:
Dungeon (3/15)

Altars:


Innate Abilities, Weirdness & Mutations

You do not eat or drink.
Your flesh is vulnerable to fire.
You are immune to poison.
Your flesh is cold resistant. (rC+)
You are immune to negative energy. (rN+++)
You are immune to unholy pain and torment.
You can survive without breathing.


Message History

You hear the rusting of a drain nearby.
The shadow imp hits you.
* * * LOW HITPOINT WARNING * * *
You see here 6 gold pieces.
A ball python comes into view.
A rat and a giant cockroach come into view.
A rat comes into view.
An orc comes into view. It is wielding a +0 mace.
The shadow imp grins evilly.
Casting: Pain (safe; 2% risk of failure)
Confirm with . or Enter, or press ? or * to list all spells.
Aiming: Pain (safe; 2% risk of failure)
Press: ? - help, Shift-Dir - straight line, f - orc
Aim: an orc, wielding a +0 mace and wearing a +0 leather armour (chance to defeat MR: 89%)
The orc barely resists.
The ball python hisses angrily.
The orc hits you with a +0 mace.
* * * LOW HITPOINT WARNING * * *
The rat closely misses you. The shadow imp hits you.
You die...

##.#######
########### #.#
#$# #.# #.#
#.########
#.........
#####.#########
#.....r.sr@o..#
#≈≈≈.....5###.#
#≈≈≈≈.....#
#≈≈≈≈≈≈S..#
###++≈≈.....
#≈≈≈..###
#≈.≈.## #≈≈≈.#


You could see a shadow imp, an orc, a giant cockroach, a ball python and 2 rats.

Vanquished Creatures
  An orc wizard (D:3)
  An adder (D:2)
  An ooze (D:1)
  2 dart slugs
  3 leopard geckos
  2 orcs (D:3)
  A ball python (D:3)
  8 bats
  2 giant cockroaches (D:2)
  5 goblins
  7 hobgoblins
  4 jackals (D:1)
  4 frilled lizards
  9 kobolds
  9 rats
59 creatures vanquished.

Vanquished Creatures (collateral kills)
  2 orcs (D:3)
2 creatures vanquished.

Grand Total: 61 creatures vanquished

Notes
Turn   | Place    | Note
-------+----------+-------------------------------------------
     0 | D:1      | 15rune the Mummy Necromancer began the quest for the Orb.
     0 | D:1      | Reached XP level 1. HP: 13/13 MP: 4/4
   196 | D:1      | Reached XP level 2. HP: 18/19 MP: 0/6
   673 | D:1      | Reached XP level 3. HP: 24/24 MP: 5/7
   706 | D:1      | Learned a level 3 spell: Vampiric Draining
   708 | D:1      | Learned a level 1 spell: Animate Skeleton
  2121 | D:2      | Reached skill level 5 in Necromancy
  2341 | D:2      | Reached XP level 4. HP: 30/30 MP: 6/9
  2571 | D:3      | Reached skill level 1 in Armour
  2689 | D:3      | Slain by a shadow imp

Levels and vault maps discovered:
D:1:      lightli_iron_boxes, layout_basic, minmay_misc_feat_tiny,
          kennysheep_nondescript, st_stairs_11, chequers_big_river,
          minmay_split_cup_small
D:2:      layout_loops_ring, minmay_vboxes
D:3:      lemuel_upstairs_altar, layout_basic, lemuel_round_altar,
          portal_sewer_entry_e

Skill      XL: |  1  2  3  4 |
---------------+-------------+-----
Spellcasting   | 3 |  3.9
Necromancy     | 5 |  5.2
Armour         | 1 |  1.0
Dodging        | |  1.5
Stealth        | |  1.5

Action                   |  1- 3 |  4- 6 || total
-------------------------+-------+-------++-------
Melee: Unarmed           |    15 |       ||    15
       Club              |    10 |       ||    10
       Whip              |    27 |    23 ||    50
       Dagger            |       |     3 ||     3
 Cast: Pain              |    77 |    22 ||    99
       Animate Skeleton  |       |     2 ||     2
  Use: Scroll            |       |     1 ||     1
Armor: Robe              |    19 |       ||    19
       Leather armour    |     3 |     8 ||    11
Dodge: Dodged            |    66 |    32 ||    98

Table legend:
 A = Non-vault XP
 B = Vault XP
 C = Vault XP percentage of total XP
 D = Non-vault monster count
 E = Vault monster count
 F = Vault count percentage of total count
                 A         B        C        D         E       F
            +---------+---------+-------+---------+---------+-------
      Total |     124 |      35 |  22.0 |      48 |      13 |  21.3
            +---------+---------+-------+---------+---------+-------
        D:1 |      38 |      10 |  20.8 |      18 |       6 |  25.0
        D:2 |      26 |      25 |  49.0 |      17 |       7 |  29.2
        D:3 |      60 |       0 |   0.0 |      13 |       0 |   0.0
            +---------+---------+-------+---------+---------+-------
